 Dungeon Crawl Stone Soup version 0.32-a0-427-g448f42529f (webtiles) character file.

Game seed: 14709801268859054371

3978 HourglassMan the Thaumaturge (level 10, -20/121 HPs)
             Began as a Naga Conjurer on Feb 22, 2024.
             Demolished by an ettin (glowing shapeshifter) (32 damage)
             ... on level 8 of the Dungeon.
             The game lasted 00:15:19 (10067 turns).

HourglassMan the Thaumaturge (Naga Conjurer)       Turns: 10067, Time: 00:15:20

Health: -20/121    AC:  5    Str: 12    XL:     10   Next: 22%
Magic:  0/22       EV: 11    Int: 29    God:
Gold:   399        SH:  5    Dex: 10    Spells: 6/25 levels left

rFire   + . .        t - +1 hand axe of the Other Side {drain, rF+ rC+ Str+3}
rCold   + . .        (no shield)
rNeg    + . .        a - +0 robe
rPois   +            (no helmet)
rElec   .            (no cloak)
rCorr   .            z - +0 pair of gloves {infuse}
SInv    +            (no barding)
Will    +....        e - amulet of reflection Stlth
                     i - ring of positive energy
HPRegen 0.40/turn    q - +6 ring of intelligence
MPRegen 0.18/turn

%: reflection
@: berserking, quick
A: AC +3, large, see invisible, deformed body, poison resistance, slowness 2,
spit poison 1, naga tail 1, frail 1, MP-powered wands
a: Spit Poison


You were on level 8 of the Dungeon.
You visited 2 branches of the dungeon, and saw 9 of its levels.

You collected 399 gold pieces.

Inventory:

Hand Weapons
 s - a +1 whip of venom
 t - the +1 hand axe of the Other Side (weapon) {drain, rF+ rC+ Str+3}
   (You found it on level 6 of the Dungeon)

   Str+3:     It affects your strength (+3).
   rF+:       It protects you from fire.
   rC+:       It protects you from cold.
 y - a +0 trident of holy wrath
Missiles
 b - 5 poisoned darts
 v - 2 boomerangs
 x - 5 javelins
Armour
 a - a +0 robe (worn)
 z - a +0 pair of gloves of infusion (worn)
Jewellery
 e - an amulet of reflection (around neck)
 i - a ring of positive energy (left hand)
 q - a +6 ring of intelligence (right hand)
Wands
 o - a wand of polymorph (7)
 p - a wand of paralysis (4)
 u - a wand of flame (10)
 w - a wand of digging (5)
Scrolls
 h - 3 scrolls of identify
 k - 2 scrolls of teleportation
 m - a scroll of brand weapon
Potions
 c - 4 potions of mutation
 d - a potion of haste
 f - a potion of lignification
 j - 3 potions of resistance
 l - a potion of berserk rage
 n - 2 potions of might


   Skills:
 - Level 6.0 Fighting
 - Level 6.0 Dodging
 - Level 3.0 Stealth
 - Level 8.0 Spellcasting
 - Level 6.0 Conjurations
 - Level 2.0 Translocations
 + Level 4.8 Air Magic
 - Level 2.0 Alchemy


You had 6 spell levels left.
You knew the following spells:

 Your Spells              Type           Power      Damage    Failure   Level
a - Magic Dart            Conj           100%       1d8       1%          1
b - Searing Ray           Conj           92%        2d7       1%          2
c - Fulminant Prism       Conj/Alch      17%        3d10      9%          4
d - Iskenderun's Mystic   Conj/Tloc      34%        2d8       9%          4
e - Blink                 Tloc           46%        N/A       3%          2
f - Conjure Ball Lightni  Conj/Air       21%        3x3d6     61%         6

Your spell library contained the following spells:

 Spells                   Type           Power      Damage    Failure   Level
 Call Imp                 Summ           22%        N/A       7%          2
 Summon Forest            Summ/Tloc      8%         N/A       63%         5
 Summon Mana Viper        Hex/Summ       11%        N/A       77%         5
 Summon Cactus Giant      Summ           5%         N/A       100%        6
 Discord                  Hex            5%         N/A       100%        8
 Disjunction              Tloc           11%        N/A       100%        8


Dungeon Overview and Level Annotations

Branches:
Dungeon (8/15)             Temple (1/1) D:7
   Lair: D:8-11

Altars:
Ashenzari
Cheibriados
Dithmenos
Fedhas
Gozag
Hepliaklqana
Kikubaaqudgha
Makhleb
Nemelex Xobeh
Okawaru
Qazlal
Sif Muna
Trog
Uskayaw
Wu Jian
Xom
Yredelemnul

Portals:
Abyss: D:4

Annotations:
D:4 2 transporters, YordlordTheGreat's ghost, novice HuCA
D:7 1 runed translucent door, flinch's ghost, novice CoHu
D:8 Joseph


Innate Abilities, Weirdness & Mutations

Your serpentine skin is tough. (AC +3)
You have supernaturally acute eyesight. (SInv)
Armour fits poorly on your strangely shaped body.
Your system is resistant to poisons. (rPois)
You cover ground very slowly.
You can spit poison.
You have a snake-like lower body.
You are frail. (-10% HP)
You expend magic power (3 MP) to strengthen your wands.


Message History

The searing ray hits the boulder beetle!
The boulder beetle is lightly wounded. (Press . to maintain the ray.)
The boulder beetle leaps!
The searing ray hits the boulder beetle but does no damage.
The boulder beetle is lightly wounded.
The searing ray hits the boulder beetle but does no damage.
The boulder beetle is lightly wounded.
You finish channelling your searing ray.
The boulder beetle curls into a ball and begins rolling!
Aiming: Polymorph
Press: ? - help, Shift-Dir - straight line, f/p - boulder beetle
Aim: a boulder beetle (lightly wounded, rolling, will become a glowing shapeshifter, a satyr, or an ice dragon, chance to affect: 35%)
You feel a slight surge of power.
The boulder beetle evaporates and reforms as a glowing shapeshifter!
Casting: Searing Ray (safe; 1% risk of failure)
Confirm with . or Enter, or press ? or * to list all spells.
You don't have enough magic to cast this spell.
Unknown command.
A red film seems to cover your vision as you go berserk!
You feel yourself moving faster!
You feel mighty!
The glowing shapeshifter changes into an ettin!
You feel a strong urge to attack something.
The ettin hits you!!
* * * LOW HITPOINT WARNING * * *
The ettin hits you!
* * * LOW HITPOINT WARNING * * *
You barely miss the ettin. The ettin hits you!!
* * * LOW HITPOINT WARNING * * *
The ettin completely misses you.
You hit the ettin but do no damage. You slash the ettin! You drain the ettin.
The ettin is moderately wounded.
The ettin hits you!
* * * LOW HITPOINT WARNING * * *
The ettin misses you.
You hit the ettin.
The ettin is moderately wounded.
The ettin hits you!!
You die...

#....# #.##.# ##.##.#
####.....# # #....<...# #.
#.###.#.## #.. #.#.....#
###.○.############.#.#.###
........h..†)@C.........>#
###...##################.####
#.. @...............# #.
...*./.......##.# #.
..#########..# # # #....#
#.....# #.....# .......#


You could see an ettin shaped shifter (drained) and a hound.

Vanquished Creatures
  Pikel (D:4)
  Sigmund (D:2)
  A steam dragon (D:7)
  3 sky beasts
  Duvessa (D:6)
  2 ice beasts
  3 orc warriors
  An ogre (D:7)
  4 black bears
  A centaur (D:7)
  3 lemures (D:4)
  A phantom (D:5)
  Blork the orc (D:6)
  3 bullfrogs
  3 scorpions
  Dowan (D:6)
  5 wights
  2 jellies
  3 howler monkeys (D:7)
  2 bombardier beetles
  2 hounds (D:6)
  4 orc priests
  A sleepcap (D:4)
  An iguana (D:4)
  6 orc wizards
  8 gnolls (D:4)
  6 adders
  A shadow imp (D:5)
  A white imp (D:7)
  2 ufetubi (D:7)
  A dart slug (D:3)
  2 ribbon worms
  16 orcs
  9 endoplasms
  2 giant cockroaches
  31 goblins
  35 hobgoblins
  4 jackals (D:4)
  6 quokkas
  10 ball pythons
  A bat (D:3)
  4 frilled lizards (D:1)
  9 kobolds
  5 rats
209 creatures vanquished.

Vanquished Creatures (others)
  A jackal (D:4)
  6 fulminant prisms
7 creatures vanquished.

Grand Total: 216 creatures vanquished

Notes
Turn   | Place    | Note
-------+----------+-------------------------------------------
     0 | D:1      | HourglassMan the Naga Conjurer began the quest for the Orb.
     0 | D:1      | Reached XP level 1. HP: 15/15 MP: 3/3
    94 | D:1      | Found a faded altar of an unknown god.
   171 | D:1      | Reached XP level 2. HP: 21/22 MP: 0/5
   174 | D:1      | Learned a level 2 spell: Searing Ray
   375 | D:1      | Reached skill level 3 in Spellcasting
   441 | D:1      | Reached XP level 3. HP: 28/28 MP: 1/7
  1319 | D:2      | Reached XP level 4. HP: 17/36 MP: 0/9
  1430 | D:2      | Reached skill level 4 in Spellcasting
  1626 | D:2      | Noticed Sigmund
  1630 | D:2      | Killed Sigmund
  1631 | D:2      | Reached skill level 5 in Spellcasting
  1631 | D:2      | Reached XP level 5. HP: 37/42 MP: 5/13
  1631 | D:2      | Reached XP level 6. HP: 44/49 MP: 5/14
  2081 | D:2      | Learned a level 4 spell: Fulminant Prism
  2086 | D:2      | Learned a level 4 spell: Iskenderun's Mystic Blast
  2089 | D:2      | Learned a level 2 spell: Blink
  2464 | D:3      | Reached skill level 6 in Spellcasting
  2918 | D:3      | Found a shimmering blue altar of Sif Muna.
  2921 | D:3      | Found a shadowy altar of Dithmenos.
  3445 | D:4      | Reached skill level 5 in Conjurations
  3517 | D:4      | Reached XP level 7. HP: 55/55 MP: 7/16
  3905 | D:4      | Noticed a small abomination
  3915 | D:4      | Found a transporter.
  3919 | D:4      | Noticed YordlordTheGreat's ghost (novice HuCA)
  3974 | D:4      | Found a transporter.
  3988 | D:4      | Noticed a toenail golem
  3991 | D:4      | Found a one-way gate to the infinite horrors of the Abyss.
  4026 | D:4      | Reached skill level 1 in Translocations
  4029 | D:4      | Reached skill level 1 in Alchemy
  4341 | D:4      | Noticed Pikel
  4350 | D:4      | Killed Pikel
  4351 | D:4      | Reached XP level 8. HP: 49/62 MP: 5/17
  4781 | D:4      | Reached skill level 5 in Dodging
  5038 | D:4      | Gained mutation: You expend magic power (3 MP) to
                  | strengthen your wands. [potion of mutation]
  5038 | D:4      | Gained mutation: You are frail. (-10% HP) [potion of
                  | mutation]
  6098 | D:5      | Entered Level 5 of the Dungeon
  6109 | D:5      | Reached skill level 1 in Fighting
  6198 | D:5      | Reached XP level 9. HP: 66/66 MP: 12/18
  6303 | D:5      | You fall into a shaft and drop 2 floors!
  6307 | D:7      | Found a runed translucent door.
  6307 | D:7      | Noticed flinch's ghost (novice CoHu)
  6805 | D:5      | Reached skill level 5 in Fighting
  7420 | D:5      | Learned a level 6 spell: Conjure Ball Lightning
  7442 | D:6      | Identified the +1 hand axe of the Other Side {drain, rF+
                  | rC+ Str+3}
  7446 | D:6      | Noticed Dowan
  7766 | D:6      | Found a snail-covered altar of Cheibriados.
  8070 | D:6      | Noticed Duvessa
  8070 | D:6      | Noticed Blork the orc
  8077 | D:6      | Killed Duvessa
  8078 | D:6      | Reached skill level 7 in Spellcasting
  8079 | D:6      | Killed Dowan
  8336 | D:6      | Killed Blork the orc
  8882 | D:7      | Reached skill level 8 in Spellcasting
  8882 | D:7      | Reached skill level 1 in Air Magic
  9014 | D:7      | Found a staircase to the Ecumenical Temple.
  9044 | Temple   | Entered the Ecumenical Temple
  9060 | D:7      | Reached XP level 10. HP: 81/81 MP: 14/22
  9207 | D:7      | Found a faded altar of an unknown god.
  9207 | D:7      | Found a blossoming altar of Fedhas.
  9275 | D:7      | Found a shimmering altar of Xom.
  9277 | D:7      | Found a stormy altar of Qazlal.
  9279 | D:7      | Found an iron altar of Okawaru.
  9677 | D:7      | Found a sparkling altar of Nemelex Xobeh.
  9744 | D:7      | Found a basalt altar of Yredelemnul.
  9991 | D:8      | Noticed Joseph
  9996 | D:8      | Noticed a boulder beetle
 10061 | D:8      | a boulder beetle changed into a glowing shapeshifter
 10061 | D:8      | Noticed a glowing shapeshifter
 10062 | D:8      | a glowing shapeshifter changed into an ettin
 10062 | D:8      | Noticed an ettin (glowing shapeshifter)
 10067 | D:8      | Demolished by an ettin (glowing shapeshifter)

Illustrated notes

Levels and vault maps discovered:
D:1:      shiori_arrival_oz, layout_basic,
          shapermc_ecumenical_altar_totnotflames
D:2:      cheibrodos_helix_gallery, layout_basic, bh_walls_and_bars,
          uniq_sigmund, uniq_crazy_yiuf_cottage
D:3:      layout_basic, nicolae_overflow_squiral
D:4:      minmay_goblin_kobold_castle, layout_loops_cross,
          gammafunk_ghost_abyssal_escape, minmay_misc_feat_plants,
          item_on_display_a, uniq_pikel
D:5:      layout_cave_pools
D:6:      layout_loops_ring, general_overflow_altar, uniq_duvessa,
          uniq_blork_the_orc
D:7:      layout_basic, kennysheep_mini_moat, marbit_many_paths,
          chequers_temple_overflow_minitemple, minmay_temple_entry_overgrown,
          hellmonk_ghost_happy_afterlife, hangedman_decor_peaks_small
D:8:      minmay_curly_fans, layout_basic, good_gods_mini_temple,
          minmay_misc_feat_pillars, nicolae_take_the_stairs, uniq_joseph
Temple:   hellmonk_temple_beads

Skill      XL: |  1  2  3  4  5  6  7  8  9 10 |
---------------+-------------------------------+-----
Spellcasting   | 3 5 6 8 |  8.0
Conjurations   | 5 6 |  6.0
Translocations | 2 |  2.0
Alchemy        | 2 |  2.0
Dodging        | 4 6 |  6.0
Fighting       | 2 6 |  6.0
Air Magic      | 2 4 |  4.8
Stealth        | |  3.0

Action                     |  1- 3 |  4- 6 |  7- 9 | 10-12 || total
---------------------------+-------+-------+-------+-------++-------
  Melee: Unarmed           |     8 |       |       |       ||     8
         Dagger            |     7 |       |    30 |       ||    37
         Whip              |       |       |     2 |       ||     2
         Hand axe          |       |       |       |     4 ||     4
   Cast: Magic Dart        |    51 |   100 |   135 |    10 ||   296
         Searing Ray       |     1 |     6 |    59 |    15 ||    81
         Fulminant Prism   |       |       |     3 |     3 ||     6
         Iskenderun's Myst |       |       |     1 |       ||     1
         Blink             |       |       |       |     1 ||     1
Ability: Spit Poison       |     2 |       |     7 |     1 ||    10
  Evoke: Wand              |       |       |       |     1 ||     1
    Use: Scroll            |       |       |    12 |     3 ||    15
         Potion            |       |       |     2 |     1 ||     3
   Stab: Sleeping          |     1 |       |       |       ||     1
 Armour: Robe              |    17 |     9 |    81 |    16 ||   123
  Dodge: Dodged            |    11 |    10 |    84 |    13 ||   118
  Block: Other             |     2 |     5 |    26 |     5 ||    38
         Reflection        |       |       |     2 |     2 ||     4

Table legend: (Time is in decaauts)
 A = Elapsed time spent in this place.
 B = Non-inter-level travel time spent in this place.
 C = Inter-level travel time spent in this place.
 D = Time resting spent in this place.
 E = Time spent auto-exploring this place.
 F = Levels seen in this place.
 G = Mean time per level.
                   A        B        C        D        E       F      G
               +--------+--------+--------+--------+--------+-----+--------+
         Total |  11933 |  11371 |    562 |   1144 |   8862 |   9 | 1325.9 |
       Dungeon |  11931 |  11369 |    562 |   1144 |   8862 |   8 | 1491.4 |
        Temple |      1 |      1 |      0 |      0 |      0 |   1 |    1.0 |
               +--------+--------+--------+--------+--------+-----+--------+

Top non-repeatable levels by time:
     D:4: 3144 daAuts
     D:7: 2119 daAuts
     D:6: 1669 daAuts
     D:1: 1593 daAuts
     D:3: 1274 daAuts
     D:2: 1138 daAuts
     D:5: 881 daAuts
     D:8: 111 daAuts
  Temple: 1 daAuts

Table legend: (Time is in decaauts)
 A = Elapsed time spent in this place.
 B = Non-inter-level travel time spent in this place.
 C = Inter-level travel time spent in this place.
 D = Time resting spent in this place.
 E = Time spent auto-exploring this place.
 F = Levels seen in this place.
 G = Mean time per level.
                   A        B        C        D        E       F      G
               +--------+--------+--------+--------+--------+-----+--------+
         Total |  11933 |  11371 |    562 |   1144 |   8862 |   9 | 1325.9 |
       Dungeon |  11931 |  11369 |    562 |   1144 |   8862 |   8 | 1491.4 |
        Temple |      1 |      1 |      0 |      0 |      0 |   1 |    1.0 |
               +--------+--------+--------+--------+--------+-----+--------+

Top non-repeatable levels by time:
     D:4: 3144 daAuts
     D:7: 2119 daAuts
     D:6: 1669 daAuts
     D:1: 1593 daAuts
     D:3: 1274 daAuts
     D:2: 1138 daAuts
     D:5: 881 daAuts
     D:8: 111 daAuts
  Temple: 1 daAuts

Table legend:
 A = Kills in this place as a percentage of kills in the entire game.
 B = Kills by you in this place as a percentage of kills by you in the entire game.
 C = Kills by friends in this place as a percentage of kills by friends in the entire game.
 D = Other kills in this place as a percentage of other kills in the entire game.
 E = Experience gained in this place as a percentage of experience gained in the entire game.
 F = Experience gained in this place divided by the number of levels of this place that you have seen.
                   A       B       C       D       E      F
               +-------+-------+-------+-------+-------+----------------------
         Total | 100.0 | 100.0 |   N/A | 100.0 | 100.0 | 631.6
       Dungeon | 100.0 | 100.0 |   N/A | 100.0 | 100.0 | 710.5
               +-------+-------+-------+-------+-------+----------------------
